 Dungeon Crawl Stone Soup version 0.20.1-1-g8b1a95d (webtiles) character file.

2762 vishdafish the Poker (level 9, -3/57 HPs)
             Began as a Gargoyle Fighter on July 5, 2017.
             Slain by Thaneod's ghost (13 damage)
             ... on level 7 of the Dungeon.
             The game lasted 00:10:46 (5663 turns).

vishdafish the Poker (Gargoyle Fighter)             Turns: 5663, Time: 00:10:47

Health: -3/57      AC: 20    Str: 23    XL:     9   Next: 69%
Magic:  9/9        EV:  8    Int:  8    God:
Gold:   337        SH: 11    Dex: 10    Spells: 8/8 levels left

rFire    + . .     SeeInvis .   E - +2 spear (pierce)
rCold    . . .     Gourm    .   c - +0 shield
rNeg     + . .     Faith    .   w - +2 scale mail {rF+}
rPois    ∞         Spirit   .   (no helmet)
rElec    +         Reflect  .   (no cloak)
rCorr    .         Harm     .   (no gloves)
MR       +....                  C - +0 pair of boots
Stlth    ..........             (no amulet)
Regen    0.2/turn               (no ring)
MPRegen  0.2/turn               (no ring)

@: no status effects
A: thin metallic scales 1, yellow scales 1, magic resistance 1, negative energy
resistance 1, electricity resistance, unbreathing, petrification resistance, rot
immunity, AC +5
a: no special abilities


You were on level 7 of the Dungeon.
You were very hungry.

You visited 2 branches of the dungeon, and saw 8 of its levels.

You collected 337 gold pieces.

Inventory:

Hand Weapons
 a - a +0 trident
 E - a +2 spear of piercing (weapon)
Armour
 c - a +0 shield (worn)
 w - a +2 scale mail of fire resistance (worn)
 C - a +0 pair of boots (worn)
Wands
 d - a wand of confusion (27/48)
 v - a wand of lightning (8/15)
 y - a wand of digging (10/24)
Scrolls
 b - a scroll of fear {unknown}
 e - 4 scrolls of teleportation {unknown}
 h - 3 scrolls of amnesia {unknown}
 k - 5 scrolls of identify
 l - 2 scrolls of blinking {unknown}
 p - 2 scrolls of remove curse {unknown}
 s - 3 scrolls of enchant weapon {unknown}
 u - a scroll of noise {unknown}
 B - a scroll of random uselessness {unknown}
Potions
 g - a potion of flight
 j - a potion of cancellation {unknown}
 m - a potion of haste {unknown}
 q - a potion of resistance {unknown}
 x - 2 potions of lignification
 z - a potion of invisibility {unknown}
 A - a potion of agility {unknown}
 D - a potion of magic {unknown}
Books
 r - a book of Misfortune

   Spells                             Type                      Level
   a - Confusing Touch                Hexes                        1
   b - Confuse                        Hexes                        3
   c - Gell's Gravitas                Translocation                3
   d - Petrify                        Transmutation/Earth          4
   e - Metabolic Englaciation         Hexes/Ice                    5
   f - Yara's Violent Unravelling     Hexes/Transmutation          5
Comestibles
 f - 4 bread rations
 i - 4 meat rations
 o - 3 fruits
 t - 2 royal jellies


   Skills:
 + Level 7.1 Fighting
 * Level 7.6 Polearms
 + Level 7.3 Armour
 + Level 7.1 Shields


You had 8 spell levels left.
You didn't know any spells.

Dungeon Overview and Level Annotations

Branches:
Dungeon (7/15)             Temple (1/1) D:4

Altars:
Ashenzari
Cheibriados
Fedhas
Gozag
Hepliaklqana
Kikubaaqudgha
Makhleb
Nemelex Xobeh
Okawaru
Qazlal
Ru
Sif Muna
Trog
Uskayaw
Vehumet
Xom
Yredelemnul
Zin
The Shining One

Shops:
D:5 *

Annotations:
D:7 Thaneod's ghost, novice MiBe


Innate Abilities, Weirdness & Mutations

You are resistant to torment.
Your stone body is resilient. (AC +5)
You are immune to poison.
You resist negative energy. (rN+)
You are resistant to electric shocks. (rElec)
You can survive without breathing.
You are immune to petrification.
You are immune to rotting.
You are partially covered in thin metallic scales. (AC +2)
You are partially covered in yellow scales. (AC +2)
You are resistant to hostile enchantments. (MR+)


Message History

You closely miss Thaneod's ghost.
Thaneod's ghost is severely damaged.
You block Thaneod's ghost's attack.
You closely miss Thaneod's ghost.
Thaneod's ghost is severely damaged.
Thaneod's ghost hits you but does no damage.
You hit Thaneod's ghost.
Thaneod's ghost is severely damaged.
You closely miss Thaneod's ghost.
Thaneod's ghost is severely damaged.
Thaneod's ghost screams in joy, "As in life, so in death: Kill!
Kill!!
Kill!!!"
Thaneod's ghost hits you!
* * * LOW HITPOINT WARNING * * *
You hit Thaneod's ghost but do no damage.
Thaneod's ghost is severely damaged.
Thaneod's ghost hits you but does no damage.
You hit Thaneod's ghost.
Thaneod's ghost is severely damaged.
Thaneod's ghost hits you!
You die...

######## #......#
#......# #......##
#W)......
#@.....## #####
#†....... #.....
#....####
#....##.#.##
#.......#.# ####
...#.....#.##.....
..................
...#(.##...##....
.. ##.
##..######..


You could see Thaneod's ghost.

Vanquished Creatures
  Pikel (D:6)
  Grinder (D:5)
  Edmund (D:5)
  An orc warrior (D:6)
  Duvessa (D:6)
  The ghost of ThePrince the Ruffian, an amateur TrFi (D:3)
  A slave (D:6)
  An ice beast (D:5)
  A phantom (D:4)
  A centaur (D:6)
  A sky beast (D:5)
  2 ogres
  A big kobold (D:6)
  Dowan (D:6)
  2 bullfrogs (D:6)
  2 scorpions (D:5)
  A howler monkey (D:5)
  A bullfrog zombie (D:5)
  A jelly (D:4)
  A quasit (D:6)
  A hound (D:6)
  An orc wizard (D:6)
  2 orc priests
  A bullfrog skeleton (D:6)
  Jessica (D:3)
  Natasha (thrice) (D:3)
  Ijyb (D:5)
  6 worker ants
  A worker ant zombie (D:6)
  A howler monkey skeleton (D:6)
  5 gnolls
  6 adders
  3 oozes (D:2)
  3 worms
  2 dart slugs (D:1)
  2 leopard geckos (D:1)
  15 orcs
  4 ball pythons
  9 bats
  5 giant cockroaches
  10 goblins
  11 hobgoblins
  11 jackals
  3 quokkas
  4 frilled lizards
  A jackal zombie (D:5)
  10 kobolds
  A leopard gecko zombie (D:5)
  A quokka skeleton (D:6)
  8 rats
155 creatures vanquished.

Vanquished Creatures (others)
  2 slaves (D:6)
  A gnoll sergeant (D:6)
  An orc wizard (D:6)
  4 gnolls (D:6)
8 creatures vanquished.

Grand Total: 163 creatures vanquished

Notes
Turn   | Place    | Note
-------+----------+-------------------------------------------
     0 | D:1      | vishdafish the Gargoyle Fighter began the quest for the Orb.
     0 | D:1      | Reached XP level 1. HP: 14/14 MP: 1/1
    42 | D:1      | Reached XP level 2. HP: 19/19 MP: 2/2
   321 | D:1      | Reached XP level 3. HP: 23/24 MP: 3/3
   707 | D:2      | Reached XP level 4. HP: 29/29 MP: 4/4
  1489 | D:3      | Noticed ThePrince's ghost (amateur TrFi)
  1497 | D:3      | Noticed Natasha
  1503 | D:3      | Killed ThePrince's ghost
  1503 | D:3      | Reached XP level 5. HP: 14/33 MP: 5/5
  1506 | D:3      | Killed Natasha
  1506 | D:3      | Reached XP level 6. HP: 14/39 MP: 6/6
  1537 | D:3      | Noticed Natasha
  1546 | D:3      | Killed Natasha
  1921 | D:3      | Noticed Natasha
  1927 | D:3      | Killed Natasha
  2032 | D:3      | Noticed Jessica
  2035 | D:3      | Killed Jessica
  2596 | D:4      | Found a staircase to the Ecumenical Temple.
  2599 | D:4      | Noticed a phantom
  2668 | D:4      | Killed a phantom
  2668 | D:4      | Reached skill level 5 in Fighting
  2668 | D:4      | Reached XP level 7. HP: 29/44 MP: 7/7
  2686 | Temple   | Entered the Ecumenical Temple
  2752 | D:4      | Reached skill level 5 in Armour
  2877 | D:4      | Noticed a fire elemental
  2878 | D:4      | Found a stormy altar of Qazlal.
  2880 | D:4      | Noticed a water elemental
  2881 | D:4      | Noticed an air elemental
  3192 | D:4      | Reached skill level 5 in Shields
  3207 | D:5      | Entered Level 5 of the Dungeon
  3228 | D:5      | Reached skill level 5 in Polearms
  3281 | D:5      | Found an ancient bone altar of Kikubaaqudgha.
  3297 | D:5      | Reached XP level 8. HP: 50/50 MP: 8/8
  3359 | D:5      | Noticed Grinder
  3381 | D:5      | Paralysed by Grinder for 6 turns
  3395 | D:5      | Killed Grinder
  3739 | D:5      | Found an opulent altar of Gozag.
  3739 | D:5      | Found Gozag's Platinum Reserve.
  3854 | D:5      | Noticed Ijyb
  3879 | D:5      | Killed Ijyb
  3902 | D:5      | Gained mutation: You are partially covered in yellow scales. (AC +2) [potion of mutation]
  3902 | D:5      | Gained mutation: You are weak. (Str -2) [potion of mutation]
  3902 | D:5      | Gained mutation: You are partially covered in thin metallic scales. (AC +2) [potion of mutation]
  3902 | D:5      | Gained mutation: You are resistant to hostile enchantments. (MR+) [potion of mutation]
  3908 | D:5      | Lost mutation: You are weak. (Str -2) [mutagenic meat]
  4006 | D:5      | Found a deep blue altar of Sif Muna.
  4029 | D:5      | Noticed Edmund
  4045 | D:5      | Killed Edmund
  4447 | D:6      | Reached XP level 9. HP: 39/56 MP: 9/9
  4976 | D:6      | Noticed Pikel
  4999 | D:6      | Killed Pikel
  5332 | D:7      | Noticed Duvessa
  5332 | D:7      | Noticed Thaneod's ghost (novice MiBe)
  5339 | D:7      | Noticed Dowan
  5368 | D:6      | Killed Duvessa
  5380 | D:6      | Killed Dowan
  5663 | D:7      | Slain by Thaneod's ghost

Skill      XL: |  1  2  3  4  5  6  7  8  9 |
---------------+----------------------------+-----
Polearms       | 2 3 4 5 6 7 |  7.6
Armour         | 4 5 6 7 |  7.3
Fighting       | 4 5 6 7 |  7.1
Shields        | 4 5 6 7 |  7.1

Action                   |  1- 3 |  4- 6 |  7- 9 || total
-------------------------+-------+-------+-------++-------
Melee: Trident           |   141 |   308 |   345 ||   794
       Spear             |       |       |   150 ||   150
  Use: Potion            |       |     1 |     7 ||     8
       Scroll            |       |       |     3 ||     3
  Eat: Chunk             |       |     6 |    11 ||    17
Armor: Scale mail        |    81 |   142 |   165 ||   388
       Skin              |       |       |    21 ||    21
Dodge: Dodged            |    58 |    80 |    81 ||   219
Block: Shield            |    69 |   181 |   210 ||   460
